 Dungeon Crawl Stone Soup version 0.20.1-1-g8b1a95d (console) character file.

198 hilaritas the Scratcher (level 5, -2/25 HPs)
             Began as a Felid Berserker on Oct 15, 2017.
             Was a Priest of Trog.
             Slain by a gnoll
             ... wielding a +0 halberd
              (14 damage)
             ... on level 3 of the Dungeon.
             The game lasted 00:06:29 (2629 turns).

hilaritas the Scratcher (Felid Berserker)           Turns: 2629, Time: 00:06:30

Health: -2/25      AC:  1    Str: 14    XL:     5   Next: 47%
Magic:  6/6        EV: 19    Int:  9    God:    Trog [***...]
Gold:   106        SH:  0    Dex: 15    Spells: 4/4 levels left
                                        Lives:  0   Deaths: 1

rFire    . . .     SeeInvis +     - Unarmed
rCold    . . .     Gourm    .   (shield unavailable)
rNeg     . . .     Faith    .   (armour unavailable)
rPois    .         Spirit   .   (helmet unavailable)
rElec    .         Reflect  .   (cloak unavailable)
rCorr    .         Harm     .   (gloves unavailable)
MR       .....                  (boots unavailable)
Stlth    ++........             (no amulet)
Regen    0.1/turn               (no ring)
MPRegen  0.1/turn               (no ring)

@: quick
A: no armour, no weapons or thrown items, stealth, claws 1, fangs 3, see
invisible, carnivore 3, speed 1, shaggy fur 1, slow metabolism 1, sharp paws
a: Berserk, Trog's Hand, Burn Spellbooks, Renounce Religion


You were on level 3 of the Dungeon.
You worshipped Trog.
Trog was most pleased with you.
You were completely stuffed.

You visited 1 branch of the dungeon, and saw 3 of its levels.

You collected 106 gold pieces.

Inventory:

Scrolls
 c - 2 scrolls of identify {unknown}
 d - a scroll of recharging {unknown}
 e - a scroll of teleportation {unknown}
 g - 2 scrolls of remove curse {unknown}
 i - a scroll of fear {unknown}
 l - a scroll of random uselessness {unknown}
Potions
 b - a potion of degeneration {unknown}
 f - 2 potions of might {unknown}
 h - 2 potions of curing {unknown}
 k - 2 potions of haste
Books
 j - a book of Changes

   Spells                             Type                      Level
   a - Beastly Appendage              Transmutation                1
   b - Sticks to Snakes               Transmutation                2
   c - Spider Form                    Transmutation/Poison         3
   d - Ice Form                       Ice/Transmutation            4
   e - Blade Hands                    Transmutation                5
   Trog disapproves of the use of such an item.
Comestibles
 a - 3 meat rations
 m - 3 chunks of flesh


   Skills:
 - Level 4.3 Fighting
 - Level 4.2 Dodging
 + Level 1.7 Stealth
 * Level 5.6 Unarmed Combat


You had 4 spell levels left.
You didn't know any spells.

Dungeon Overview and Level Annotations

Branches:
Dungeon (3/15)

Altars:


Innate Abilities, Weirdness & Mutations

You cannot wear armour.
You are incapable of wielding weapons or throwing items.
Your paws allow you to move quietly. (Stealth)
You have sharp claws.
You have razor-sharp teeth.
You have supernaturally acute eyesight. (SInv)
You are carnivorous and can eat meat at any time.
You cover ground quickly.
You are covered in fur. (AC +1)
You have a slow metabolism.
Your sharp claws are effective at attacking unaware monsters.


Message History

Found 14 stones.
Found an escape hatch in the ceiling.
The gnoll misses you.
You scratch the gnoll. Your bite misses the gnoll.
The gnoll is heavily wounded.
The gnoll hits you but does no damage.
You claw the gnoll!
You kill the gnoll!
Trog accepts your kill. The gnoll misses you.
You see here an antimagic halberd.
You barely miss the gnoll. The gnoll hits you with a halberd!
Ouch! That really hurt!
You scratch the gnoll.
The gnoll is lightly wounded.
You closely miss the gnoll. Your bite misses the gnoll.
The gnoll is lightly wounded.
The gnoll hits you with a halberd!
Ouch! That really hurt!
You die...

### ######........ ..#
#...##........ #†#
#............#
#.####)...........# ..
#)#.......##.#.#... .
#))............#### .
#.#............# .#
#.####.........# #.###<
### #.........#
###....(.
#.........####.....#
#..............g@.....#
gg.>#.........#####...#
..............#####.###
............%g......# .
###..........##..=#
.........g.# ..##
#..............#
...<.........g...
.................
..........#.##..#
..........#.# ..


You could see a gnoll.

Vanquished Creatures
  2 orc wizards (D:3)
  Terence (D:2)
  Robin (D:3)
  4 gnolls
  4 adders
  An ooze (D:1)
  A dart slug (D:2)
  3 leopard geckos
  3 orcs (D:3)
  3 ball pythons
  4 giant cockroaches
  15 goblins
  5 hobgoblins
  6 jackals (D:2)
  A quokka (D:2)
  6 bats
  4 frilled lizards
  10 kobolds
  6 rats
80 creatures vanquished.

Notes
Turn   | Place    | Note
-------+----------+-------------------------------------------
     0 | D:1      | hilaritas the Felid Berserker began the quest for the Orb.
     0 | D:1      | Reached XP level 1. HP: 10/10 MP: 2/2
   350 | D:1      | Reached XP level 2. HP: 14/14 MP: 3/3
   965 | D:2      | Reached XP level 3. HP: 11/17 MP: 4/4
  1257 | D:2      | Noticed Terence
  1267 | D:2      | Killed Terence
  1267 | D:2      | Reached XP level 4. HP: 19/22 MP: 5/5
  1437 | D:2      | Reached ** piety under Trog
  1522 | D:2      | Reached skill level 4 in Unarmed Combat
  1569 | D:2      | Slain by an adder
  1570 | D:2      | Reached XP level 3. HP: 0/18 MP: 4/4
  1655 | D:2      | Reached XP level 4. HP: 16/22 MP: 5/5
  2240 | D:3      | Reached skill level 1 in Stealth
  2243 | D:3      | Reached skill level 5 in Unarmed Combat
  2243 | D:3      | Reached XP level 5. HP: 12/25 MP: 6/6
  2487 | D:3      | Noticed Robin
  2509 | D:3      | Killed Robin
  2516 | D:3      | Reached *** piety under Trog
  2629 | D:3      | Slain by a gnoll

Skill      XL: |  1  2  3  4 |
---------------+-------------+-----
Fighting       | 4 |  4.3
Unarmed Combat | 5 |  5.6
Stealth        | 1 |  1.7
Dodging        | |  4.2

Action                   |  1- 3 |  4- 6 || total
-------------------------+-------+-------++-------
Melee: Unarmed           |    90 |   114 ||   204
       Bite              |     9 |     9 ||    18
       Punch             |       |     2 ||     2
Invok: Berserk           |     4 |     2 ||     6
       Trog's Hand       |       |     1 ||     1
 Stab: Distracted        |     1 |     1 ||     2
       Sleeping          |     1 |     1 ||     2
  Eat: Chunk             |    13 |     9 ||    22
Armor: Skin              |     6 |     3 ||     9
Dodge: Dodged            |    90 |    92 ||   182
